 Dungeon Crawl Stone Soup version 0.30.1-4-g462c640d31 (webtiles) character file.

Game seed: 4964602496297486941

106 safid the Chiller (level 4, -1/34 HPs)
             Began as a Merfolk Ice Elementalist on Sept 14, 2023.
             Slain by a gnoll
             ... wielding a +0 spear
              (7 damage)
             ... on level 2 of the Dungeon.
             The game lasted 00:02:07 (1997 turns).

safid the Chiller (Merfolk Ice Elementalist)        Turns: 1997, Time: 00:02:08

Health: -1/34      AC:  2    Str:  8    XL:     4   Next: 84%
Magic:  2/8        EV: 12    Int: 16    God:
Gold:   80         SH:  0    Dex: 14    Spells: 2/9 levels left

rFire   . . .        c - +0 dagger
rCold   . . .        (no shield)
rNeg    . . .        a - +0 robe
rPois   .            (no helmet)
rElec   .            (no cloak)
rCorr   .            (no gloves)
SInv    .            (no boots)
Will    .....        (no amulet)
Stlth   ++           (no ring)
HPRegen 0.25/turn    (no ring)
MPRegen 0.11/turn

%: no passive effects
@: freezing walls, very slightly contaminated
A: (nimble swimmer 2), mertail
a: no special abilities


You were on level 2 of the Dungeon.
You visited 1 branch of the dungeon, and saw 2 of its levels.

You collected 80 gold pieces.

Inventory:

Hand Weapons
 c - a +0 dagger (weapon)
Missiles
 e - 2 throwing nets
Armour
 a - a +0 robe (worn)
Jewellery
 b - a ring of magical power
Scrolls
 f - 2 scrolls of identify {unknown}
 h - a scroll of teleportation {unknown}
Potions
 d - 2 potions of curing {unknown}
 g - a potion of heal wounds {unknown}
 i - a potion of might {unknown}


   Skills:
 + Level 2.5 Fighting
 - Level 2.6 Dodging
 - Level 2.1 Stealth
 + Level 3.0 Spellcasting
 + Level 5.2 Ice Magic


You had 2 spell levels left.
You knew the following spells:

 Your Spells              Type           Power      Damage    Failure   Level
a - Freeze                Ice            76%        1d8       2%          1
b - Frozen Ramparts       Ice            38%        1d6       6%          3
c - Ozocubu's Armour      Ice            19%        N/A       6%          3

Your spell library contained the following spells:

 Spells                   Type           Power      Damage    Failure   Level
 Sandblast                Erth           4%         2d4       19%         1
 Passwall                 Tmut/Erth      1%         N/A       28%         2
 Stone Arrow              Conj/Erth      4%         3d7       50%         3
 Summon Ice Beast         Ice/Summ       10%        N/A       54%         4


Dungeon Overview and Level Annotations

Branches:
Dungeon (2/15)

Altars:
Wu Jian

Shops:
D:2 (


Innate Abilities, Weirdness & Mutations

((You are very nimble when in or above water. (Stealth+, EV+, Speed+++)))
Your lower body shifts to a powerful aquatic tail in water.


Message History

Confirm with . or Enter, or press ? or * to list all spells.
Aiming: Freeze (safe; 2% risk of failure)
Press: ? - help, Shift-Dir - straight line, f/p - gnoll
Aim: a gnoll, wielding a +0 halberd (severely wounded)
You freeze the gnoll.
You kill the gnoll!
The gnoll hits you from afar with a +0 halberd!
The gnoll closely misses you.
You hear a shout!
Casting: Freeze (safe; 2% risk of failure)
Confirm with . or Enter, or press ? or * to list all spells.
Casting: Frozen Ramparts (dangerous; 7% risk of failure)
Press: ? - help, Dir - look around, f - activate The walls around you are covered in ice.
The wall freezes the gnoll.
The gnoll barely misses you.
The wall freezes the gnoll.
The gnoll barely misses you.
Unknown command.
Casting: Frozen Ramparts (dangerous; 7% risk of failure)
Confirm with . or Enter, or press ? or * to list all spells.
You don't have enough magic to cast this spell.
Unknown command.
The wall freezes the gnoll.
The gnoll hits you from afar with a +0 halberd.
* * * LOW HITPOINT WARNING * * *
The wall freezes the gnoll but does no damage.
The gnoll barely misses you.
The wall freezes the gnoll.
You kill the gnoll!
The wall freezes the gnoll but does no damage.
The gnoll barely misses you.
Your Spellcasting skill increases to level 3!
The wall freezes the gnoll.
The gnoll hits you from afar with a +0 spear.
* * * LOW HITPOINT WARNING * * *
Casting: Frozen Ramparts (dangerous; 6% risk of failure)
Confirm with . or Enter, or press ? or * to list all spells.
You don't have enough magic to cast this spell.
The wall freezes the gnoll!
The gnoll hits you from afar with a +0 spear!
You die...

#### )g#
######)#
#....#@#
#####.##.#.#
#..........#
#.####.#.###
#.#.# #.#.#
#.#.# ..#.#
## ###.#


You could see a gnoll.

Vanquished Creatures
  2 gnolls (D:2)
  3 adders (D:2)
  2 dart slugs
  3 bats
  3 endoplasms (D:1)
  A hobgoblin (D:1)
  6 jackals
  8 quokkas
  5 ball pythons
  4 frilled lizards (D:2)
  7 goblins
  5 kobolds
  6 rats
55 creatures vanquished.

Notes
Turn   | Place    | Note
-------+----------+-------------------------------------------
     0 | D:1      | safid the Merfolk Ice Elementalist began the quest for the
                  | Orb.
     0 | D:1      | Reached XP level 1. HP: 13/13 MP: 3/3
   178 | D:1      | Reached XP level 2. HP: 14/20 MP: 0/5
   344 | D:1      | Reached skill level 1 in Fighting
   807 | D:1      | Reached XP level 3. HP: 26/26 MP: 6/6
   813 | D:1      | Learned a level 3 spell: Frozen Ramparts
  1110 | D:1      | Learned a level 3 spell: Ozocubu's Armour
  1235 | D:2      | Reached skill level 5 in Ice Magic
  1406 | D:2      | Reached XP level 4. HP: 33/33 MP: 8/8
  1689 | D:2      | Found an ornate altar of the Wu Jian Council.
  1689 | D:2      | Found Keti's Antique Weapon Boutique.
  1997 | D:2      | Slain by a gnoll

Illustrated notes

Levels and vault maps discovered:
D:1:      heliophobic_arrival_battle_scene, layout_loops_ring,
          minmay_split_cup_large
D:2:      layout_basic, serial_shops, shop, basic_altar, hangedman_decor_growths

Skill      XL: |  1  2  3  4 |
---------------+-------------+-----
Fighting       | 1 2 |  2.5
Ice Magic      | 5 |  5.2
Spellcasting   | 3 |  3.0
Dodging        | |  2.6
Stealth        | |  2.1

Action                     |  1- 3 |  4- 6 || total
---------------------------+-------+-------++-------
  Melee: Dagger            |    97 |    40 ||   137
         Unarmed           |     1 |       ||     1
         Punch             |       |     1 ||     1
   Cast: Freeze            |    35 |    11 ||    46
         Frozen Ramparts   |       |     1 ||     1
    Use: Potion            |     1 |       ||     1
   Stab: Sleeping          |     3 |       ||     3
 Armour: Robe              |    22 |    11 ||    33
  Dodge: Dodged            |    87 |    49 ||   136
